 Dungeon Crawl Stone Soup version 0.26.0-16-gc1dbca0489 (webtiles) character file.

Game seed: 8284847322533224334

31556 zcampers the Bludgeoner (level 13, -1/115 HPs)
             Began as a Minotaur Berserker on Jan 19, 2021.
             Was an Elder of Trog.
             Slain by a red ugly thing (16 damage)
             ... on level 15 of the Dungeon.
             The game lasted 00:47:18 (12528 turns).

zcampers the Bludgeoner (Minotaur Berserker)       Turns: 12528, Time: 00:47:19

Health: -1/115     AC:  1    Str: 26    XL:     13   Next: 26%
Magic:  4/4        EV: 18    Int:  4    God:    Trog [****..]
Gold:   766        SH:  0    Dex: 21    Spells: 12/12 levels left

rFire    . . .     SeeInvis .   j - +2 great mace (antimagic)
rCold    + + +     Faith    .   (shield currently unavailable)
rNeg     . . .     Spirit   .   f - +3 ring mail {rC+}
rPois    .         Reflect  .   (helmet restricted)
rElec    .         Harm     .   u - +2 cloak {rC+}
rCorr    .         Rampage  .   (no gloves)
Will     ++...                  (no boots)
Stlth    +.........             b - amulet of regeneration
HPRegen  1.00/turn              c - +6 ring of strength
MPRegen  0.09/turn              m - +6 ring of dexterity

@: about to teleport, corroded, regenerating
A: retaliatory headbutt, horns 2, cold resistance 1, inhibited regeneration,
weak 1, wild magic 1
a: Renounce Religion, Berserk, Trog's Hand, Brothers in Arms


You were on level 15 of the Dungeon.
You worshipped Trog.
Trog was greatly pleased with you.
You visited 1 branch of the dungeon, and saw 14 of its levels.
You also visited: Ice Cave.

You collected 935 gold pieces.
You spent 169 gold pieces at shops.

Inventory:

Hand Weapons
 j - a +2 antimagic great mace (weapon)
 C - a +2 flail of protection
Missiles
 q - 4 curare-tipped darts (quivered)
 s - 23 poisoned darts
Armour
 f - a +3 ring mail of cold resistance (worn)
 u - a +2 cloak of cold resistance (worn)
 y - a +2 kite shield
 G - a +2 buckler of cold resistance
Jewellery
 b - an amulet of regeneration (around neck)
 c - a +6 ring of strength (left hand)
 m - a +6 ring of dexterity (right hand)
 n - an uncursed ring of ice
 o - an uncursed ring of protection from fire
Wands
 r - a wand of polymorph (17)
 x - a wand of random effects (16)
 z - a wand of digging (5)
 A - a wand of paralysis (6)
 F - a wand of disintegration (8)
Scrolls
 e - 2 scrolls of identify
 g - 2 scrolls of immolation
 k - 10 scrolls of teleportation
 l - 3 scrolls of remove curse
 t - a scroll of fear
 v - a scroll of magic mapping
 H - a scroll of vulnerability {unknown}
Potions
 a - a potion of haste
 d - a potion of curing
 h - 6 potions of might
 i - 3 potions of attraction
 p - 3 potions of ambrosia
 w - a potion of heal wounds {unknown}
 B - a potion of resistance
 D - a potion of invisibility {unknown}
 E - a potion of berserk rage
 J - a potion of experience {unknown}
 K - a potion of cancellation
Miscellaneous
 I - a lightning rod (4/4)


   Skills:
 + Level 10.9 Fighting
 - Level 1.6(12.7) Axes
 * Level 18.6 Maces & Flails
 - Level 2.1 Throwing
 + Level 9.6 Armour
 + Level 8.0 Dodging
 - Level 0.8 Stealth
 * Level 8.6 Shields
 + Level 0.9 Evocations


You had 12 spell levels left.
You didn't know any spells.
Your spell library was empty.

Dungeon Overview and Level Annotations

Branches:
Dungeon (13/15)            Temple (0/1) D:6            Lair (0/6) D:9
    Orc (0/2) D:10         Vaults (0/5) D:13          IceCv (visited)

Altars:
Dithmenos
Elyvilon
Kikubaaqudgha
Okawaru
Trog
Uskayaw

Shops:
D:8 (   D:11 (


Innate Abilities, Weirdness & Mutations

You reflexively headbutt those who attack you in melee.
You have a pair of horns on your head.
Your flesh is cold resistant. (rC+)
You do not regenerate when monsters are visible.
You are weak. (Str -2)
Your spells are a little harder to cast, but a little more powerful.


Message History

The troll misses you. The troll closely misses you.
The brown ugly thing claws you. The acid corrodes you!
You are splashed with acid!
As you read the scroll of teleportation, it crumbles to dust.
You feel strangely unstable.
The purple ugly thing basks in the mutagenic energy from its kin and changes!
The troll misses you. The troll closely misses you.
The troll barely misses you. The brown ugly thing claws you.
You are splashed with acid!
* * * LOW HITPOINT WARNING * * *
The red ugly thing misses you. You furiously retaliate!
You headbutt the red ugly thing! You bludgeon the troll!!
You kill the troll!
Trog accepts your kill.
The brown ugly thing basks in the mutagenic energy from its kin and changes!
The red ugly thing claws you!
* * * LOW HITPOINT WARNING * * *
You are engulfed in flames!
You die...

######.....
#....+.....
#....#....
#8...#..#####..#.
#....#..#...#8.8
#89y....#...#..#
#uuu....#...#..#
#@u.u'..##'##..###
...####.#..†.........
........).)..........
###.....)............
#.....######8.8+#..
#.....#.........# .
#.....#.....8...#
#.....#.........#
.......+.........#


You could see 5 ugly things, a vampire mosquito and a gargoyle.

Vanquished Creatures
  A vault guard (D:13)
  2 boulder beetles
  2 centaur warriors (D:13)
  2 two-headed ogres
  3 unseen horrors
  3 wizards (D:13)
  3 ugly things
  A deep elf mage (D:12)
  A manticore (D:12)
  An elephant (D:9)
  An ice statue (IceCv)
  A gargoyle (D:10)
  Joseph (D:9)
  An efreet (D:13)
  2 kobold demonologists (D:13)
  3 trolls
  9 ice devils
  2 shadows
  A wyvern (D:11)
  2 vampires
  A basilisk (D:9)
  Grum (D:8)
  20 yaks
  20 humans (D:13)
  A soldier ant (D:15)
  A water moccasin (D:11)
  11 orc warriors
  6 ice beasts
  3 sky beasts
  10 ogres
  4 black bears
  An eye of draining (D:12)
  2 phantoms
  6 wolves
  3 centaurs
  A big kobold (D:7)
  6 bullfrogs
  3 gnoll sergeants (D:7)
  A wyvern skeleton (D:6)
  8 scorpions
  9 killer bees
  A howler monkey (D:7)
  17 wights
  5 centaur zombies
  2 gnoll shamans
  3 bullfrog zombies (D:11)
  3 jellies
  2 bullfrog skeletons (D:7)
  6 hounds
  7 centaur skeletons
  10 orc priests
  Jessica (D:2)
  An iguana (D:9)
  15 orc wizards
  12 worker ants
  2 hound zombies
  A hound skeleton (D:11)
  3 mummies (D:11)
  Robin (D:3)
  21 adders
  20 gnolls
  6 shadow imps
  14 white imps
  7 ufetubi
  An ooze (D:7)
  An adder skeleton (D:5)
  5 worms
  A dart slug (D:2)
  5 leopard geckos
  59 orcs
  7 bats
  12 giant cockroaches
  10 goblins
  12 hobgoblins
  18 jackals
  8 quokkas
  A frilled lizard (D:3)
  A jackal zombie (D:6)
  19 kobolds
  A leopard gecko zombie (D:5)
  A quokka zombie (D:7)
  4 rats
486 creatures vanquished.

Vanquished Creatures (collateral kills)
  An ice statue (IceCv)
  2 orc warriors (D:7)
  A big kobold (D:13)
  5 wights
  An iguana (D:7)
  A worker ant (D:10)
  A white imp (D:10)
  A leopard gecko (D:10)
  An orc (D:7)
  A kobold (D:13)
  A quokka (D:7)
16 creatures vanquished.

Vanquished Creatures (others)
  A reaper (IceCv)
  A human (D:2)
  2 white imps (IceCv)
  3 ufetubi (IceCv)
  4 withered plants (D:11)
11 creatures vanquished.

Grand Total: 513 creatures vanquished

Notes
Turn   | Place    | Note
-------+----------+-------------------------------------------
     0 | D:1      | zcampers the Minotaur Berserker began the quest for the
                  | Orb.
     0 | D:1      | Reached XP level 1. HP: 19/19 MP: 0/0
   344 | D:1      | Reached skill level 4 in Maces & Flails
   344 | D:1      | Reached XP level 2. HP: 26/27 MP: 1/1
  1046 | D:2      | Noticed Jessica
  1051 | D:2      | Killed Jessica
  1052 | D:2      | Reached XP level 3. HP: 19/33 MP: 2/2
  1059 | D:2      | Reached skill level 5 in Maces & Flails
  1099 | D:2      | Reached XP level 4. HP: 21/40 MP: 3/3
  1260 | D:2      | Reached ** piety under Trog
  1349 | D:2      | Found an ancient bone altar of Kikubaaqudgha.
  1465 | D:2      | Noticed a human
  1466 | D:2      | Killed a human
  1748 | D:3      | Reached XP level 5. HP: 47/47 MP: 4/4
  1841 | D:3      | Reached skill level 6 in Maces & Flails
  2194 | D:3      | Noticed Robin
  2206 | D:3      | Killed Robin
  2212 | D:3      | Reached *** piety under Trog
  2479 | D:4      | Reached XP level 6. HP: 53/53 MP: 5/5
  2503 | D:4      | Reached skill level 5 in Fighting
  2528 | D:4      | Reached skill level 7 in Maces & Flails
  2592 | D:4      | Found Qucix's Distillery.
  2621 | D:4      | Found a bloodstained altar of Trog.
  3209 | D:5      | Entered Level 5 of the Dungeon
  3225 | D:5      | Reached XP level 7. HP: 61/61 MP: 6/6
  3275 | D:5      | Reached skill level 8 in Maces & Flails
  3417 | D:5      | Found a shadowy altar of Dithmenos.
  3633 | D:5      | Reached **** piety under Trog
  3840 | D:5      | Found a hide-covered altar of Uskayaw.
  4241 | D:6      | Reached skill level 9 in Maces & Flails
  4241 | D:6      | Reached XP level 8. HP: 66/69 MP: 7/7
  4254 | D:6      | Reached skill level 1 in Throwing
  4254 | D:6      | Reached skill level 5 in Armour
  4335 | D:6      | Found an iron altar of Okawaru.
  4406 | D:6      | Found a staircase to the Ecumenical Temple.
  4539 | D:6      | Reached skill level 5 in Dodging
  4913 | D:7      | Reached skill level 1 in Axes
  5022 | D:7      | Reached XP level 9. HP: 78/78 MP: 8/8
  5130 | D:7      | Reached skill level 10 in Maces & Flails
  5151 | D:7      | Reached ***** piety under Trog
  5664 | D:7      | Reached skill level 11 in Maces & Flails
  5974 | D:8      | Received a gift from Trog
  5975 | D:8      | Noticed a two-headed ogre
  5984 | D:8      | Reached skill level 1 in Shields
  5985 | D:8      | Noticed Grum
  5987 | D:8      | Killed a two-headed ogre
  5988 | D:8      | Reached XP level 10. HP: 88/88 MP: 9/9
  6001 | D:8      | Killed Grum
  6003 | D:8      | Reached skill level 12 in Maces & Flails
  6172 | D:8      | Found Usir's Weapon Emporium.
  6209 | D:8      | Gained mutation: You are weak. (Str -2) [potion of
                  | mutation]
  6209 | D:8      | Gained mutation: You do not regenerate when monsters are
                  | visible. [potion of mutation]
  6209 | D:8      | Gained mutation: Your spells are a little harder to cast,
                  | but a little more powerful. [potion of mutation]
  6209 | D:8      | Gained mutation: Your flesh is cold resistant. (rC+)
                  | [potion of mutation]
  6929 | D:9      | Noticed an elephant
  6937 | D:9      | Killed an elephant
  6938 | D:9      | Reached skill level 13 in Maces & Flails
  6951 | D:9      | Found a staircase to the Lair.
  7098 | D:9      | Got a shimmering halberd
  7101 | D:9      | Identified the +11 halberd of Responsibility {vamp,
                  | *Corrode rC++} (You found it on level 9 of the Dungeon)
  7124 | D:9      | Found a white marble altar of Elyvilon.
  7148 | D:9      | Noticed Joseph
  7157 | D:9      | Killed Joseph
  7325 | D:9      | Noticed a two-headed ogre
  7330 | D:9      | Killed a two-headed ogre
  7588 | D:10     | Entered Level 10 of the Dungeon
  7646 | D:10     | Reached skill level 14 in Maces & Flails
  7687 | D:10     | Found a staircase to the Orcish Mines.
  7689 | D:10     | Reached XP level 11. HP: 83/95 MP: 3/10
  8840 | D:11     | Noticed a boulder beetle
  8841 | D:11     | Found Siazan's Antique Weapon Shoppe.
  8848 | D:11     | Received a gift from Trog
  8872 | D:11     | Killed a boulder beetle
  8873 | D:11     | Reached skill level 5 in Shields
  8914 | D:11     | Bought a runed flail for 169 gold pieces
  9159 | D:11     | Reached skill level 15 in Maces & Flails
  9933 | D:12     | Noticed a deep elf mage
  9940 | D:12     | Killed a deep elf mage
 10023 | D:12     | Found a frozen archway.
 10037 | D:12     | Reached skill level 16 in Maces & Flails
 10043 | IceCv    | Entered an ice cave
 10141 | IceCv    | Reached XP level 12. HP: 49/105 MP: 3/11
 10195 | IceCv    | Killed a reaper
 10556 | IceCv    | Received a gift from Trog
 11229 | D:12     | Got a fine rapier
 11272 | D:12     | Identified the +5 rapier of Quantum Leap {antimagic, rElec
                  | Int+2 SInv} (You found it on level 12 of the Dungeon)
 11440 | D:12     | Reached skill level 10 in Fighting
 11464 | D:12     | Reached skill level 17 in Maces & Flails
 11670 | D:13     | Noticed a boulder beetle
 11680 | D:13     | Killed a boulder beetle
 11794 | D:13     | Noticed a centaur warrior
 11819 | D:13     | Killed a centaur warrior
 12127 | D:13     | Noticed a centaur warrior
 12154 | D:13     | Reached skill level 18 in Maces & Flails
 12163 | D:13     | Killed a centaur warrior
 12166 | D:13     | Reached XP level 13. HP: 114/114 MP: 4/12
 12257 | D:13     | HP: 4/114 [vault guard/+0 quarterstaff (19)]
 12420 | D:13     | Found a gate to the Vaults.
 12478 | D:13     | You fall into a shaft and drop 2 floors!
 12478 | D:15     | Entered Level 15 of the Dungeon
 12528 | D:15     | Slain by a red ugly thing

Illustrated notes

Levels and vault maps discovered:
D:1:      wander_arrival_estate, layout_loops_corners
D:2:      layout_rooms, tgw_kikubaaqudgha, uniq_jessica
D:3:      layout_basic, st_stairs_2, uniq_robin
D:4:      layout_loops_ring, serial_shops, shop, trog_three_pillars_becter
D:5:      layout_cave_pods, lemuel_round_altar, lemuel_statue_altar
D:6:      layout_rooms, temple_pool_b, basic_altar
D:7:      kennysheep_windowed_halls, layout_cave_pools, serial_gnoll_camp,
          gnoll_camp_mini_sergeant, gnoll_camp_medium_02, gnoll_camp_mini_house,
          gnoll_camp_mini_hut
D:8:      layout_cave_pods, serial_shops, nicolae_shop_crystal,
          minmay_misc_feat_chi, uniq_grum
D:9:      layout_roguey, david_lair_generic, elyvilon_altar_3, uniq_joseph
D:10:     layout_irregular_city, erik_orc_3
D:11:     layout_gridville, serial_undead, serial_undead_e, serial_undead_b,
          serial_undead_f, serial_undead_d, serial_undead_b, serial_undead_d,
          serial_shops, nicolae_shop_waterfront
D:12:     layout_irregular_city, portal_ice_cave_demonic_guard
D:13:     layout_roguey, grunt_vaults_entry_tiered
D:15:     grunt_enter_depths_magical_seal, layout_irregular_city,
          grunt_decor_resistance, serial_shops, nicolae_shop_stone,
          serial_column_ruins, column_ruins_pillar_11, column_ruins_pillar_2,
          column_ruins_pillar_2, column_ruins_pillar_1, column_ruins_pillar_9,
          column_ruins_pillar_2, column_ruins_pillar_1, column_ruins_pillar_1,
          column_ruins_pillar_7, column_ruins_pillar_3, column_ruins_pillar_2,
          column_ruins_pillar_2, column_ruins_pillar_4, column_ruins_pillar_3,
          column_ruins_pillar_3, column_ruins_pillar_7, column_ruins_pillar_9,
          column_ruins_pillar_9

Skill      XL: |  1  2  3  4  5  6  7  8  9 10 11 12 |
---------------+-------------------------------------+-----
Maces & Flails | 4 5 6 7 9 11 14 16 18 | 18.6
Fighting       | 4 5 6 8 9 10 | 10.9
Armour         | 3 4 6 7 8 9 |  9.6
Dodging        | 3 4 5 6 7 8 |  8.0
Throwing       | 1 2 |  2.1
Axes           | 1 |  1.6
Shields        | 2 4 6 8 |  8.6
Stealth        | |  0.8
Evocations     | |  0.9

Action                   |  1- 3 |  4- 6 |  7- 9 | 10-12 | 13-15 || total
-------------------------+-------+-------+-------+-------+-------++-------
Melee: Mace              |    42 |   162 |   114 |       |       ||   318
       Headbutt          |     2 |    46 |    65 |   163 |    26 ||   302
       War axe           |       |       |    23 |       |       ||    23
       Flail             |       |       |   111 |    19 |       ||   130
       Great mace        |       |       |       |   554 |    73 ||   627
Throw: Dart              |       |     1 |    14 |     4 |       ||    19
Invok: Berserk           |     2 |     2 |     4 |     4 |     1 ||    13
       Trog's Hand       |       |     1 |     6 |    21 |     2 ||    30
       Brothers in Arms  |       |       |     1 |     4 |       ||     5
Evoke: Wand              |       |       |       |     3 |       ||     3
  Use: Scroll            |     2 |     9 |     4 |     7 |     1 ||    23
       Potion            |       |     8 |     1 |     6 |     1 ||    16
 Stab: Distracted        |       |       |       |     1 |       ||     1
       Sleeping          |       |       |       |     1 |       ||     1
Armor: Animal skin       |     9 |       |       |       |       ||     9
       Ring mail         |     7 |    64 |   106 |   199 |    17 ||   393
Dodge: Dodged            |    29 |   117 |   272 |   472 |    53 ||   943
Block: Buckler           |       |       |     1 |     4 |       ||     5
